Description

Practice build of what seems to be a standard PvZ opening (before ov drop moved to lair). Emulated from IEM Katowice 2018 Group C Neeb v Nerchio Game 1.

Supply count beyond 3:14 assumes both adepts in initial harass/scout survive (deviation from VoD).

VOD

https://youtu.be/12IUCiODhJg?t=1584

Replay - Neeb v Nerchio: Game 1 - Catalyst LE

Build Order

Get SALT Encoding   

  14  0:17  Pylon  at wall
  15  0:34  Assimilator  
  15  0:37  Probe (Chrono Boost)  chrono probes once after pylon finishes
  16  0:44  Gateway  at wall
  19  0:58  Probe  rally 19-21 supply probes to gas
  20  1:25  Nexus  hold making 21 probe until core is down
  20  1:35  Cybernetics Core  at wall
  21  1:43  Assimilator  
  21  1:53  Pylon  rally nat probe to 2nd assim, along with 22, 23 supply probes
  23  2:09  Adept (Chrono Boost)  rally to front of opponent nat
  26  2:16  Action  rally nexi to nat
  26  2:21  Stargate  
  27  2:28  Adept (Chrono Boost)  
  30  2:38  Warp Gate  
  32  2:51  Adept (Chrono Boost)  rally to wall
  36  3:04  Oracle (Chrono Boost)  rally near opponent 3rd
  41  3:14  Action, Pylon  2 adept harass/scout at nat, south base perim pylon
  45  3:35  Phoenix (Chrono Boost)  
  45  3:41  Gateway  
  49  3:42  Adept  
  51  3:53  Pylon  west base perim pylon
  53  3:56  Assimilator  
  53  4:00  Gateway  
  53  4:04  Oracle (Chrono Boost)  rally to existing oracle
  58  4:12  Assimilator  
  58  4:13  Pylon  nat min line pylon
  60  4:17  Action  3 probes to nat gas
  60  4:18  Twilight Council  
  60  4:23  Pylon  east base perim pylon
  62  4:35  Action  3 probes to nat gas
  63  4:46  Adept x3  push to 3rd with probe and adepts
  70  4:55  Resonating Glaives (Chrono Boost)  
  71  5:01  Nexus  only taken because zerg was teching (no imminent threat)
Spawning Tool Build Advisor. Get it on Overwolf

Go to:

Details

  • Created by: GoAway
  • Published on: Mar 27, 2018
  • Modified on: Mar 29, 2018
  • Patch: 4.0.0
Show
View Real Time Build Order
Export as new Build Order

Comments (0)

There are no comments. Be the first!

Create an account to comment!